 Dungeon Crawl Stone Soup version 0.29.1-2-gbd0b4ee654 (webtiles) character file.

Game seed: 138729107491493412

2244 zeram the Basher (level 9, -1/80 HPs)
             Began as a Troll Fighter on Nov 27, 2022.
             Slain by a two-headed ogre
             ... wielding a +0 giant club
              (20 damage)
             ... on level 6 of the Dungeon.
             The game lasted 00:13:37 (5651 turns).

zeram the Basher (Troll Fighter)                    Turns: 5651, Time: 00:13:37

Health: -1/80      AC:  5    Str: 26    XL:     9   Next: 14%
Magic:  8/8        EV: 11    Int:  8    God:
Gold:   287        SH:  0    Dex:  9    Spells: 5/8 levels left

rFire   . . .      SeeInvis .   t - +0 giant spiked club
rCold   . . .      Faith    .   (shield currently unavailable)
rNeg    . . .      Spirit   .   l - +0 robe {Archmagi}
rPois   .          Reflect  .   (helmet restricted)
rElec   .          Harm     .   k - +0 cloak
rCorr   .          Rampage  .   (gloves unavailable)
Will    .....      Archmagi +   (boots unavailable)
Stlth   +.........              (no amulet)
HPRegen 1.03/turn               (no ring)
MPRegen 0.11/turn               (no ring)

@: no status effects
A: large, unfitting armour, claws 3, regeneration 1, shaggy fur 1, tough skin 1
a: no special abilities


You were on level 6 of the Dungeon.
You visited 1 branch of the dungeon, and saw 6 of its levels.
You also visited: Sewer.

You collected 287 gold pieces.

Inventory:

Hand Weapons
 a - a +0 vampiric flail
 r - a +2 whip of flaming
 s - a +1 giant club
 t - a +0 giant spiked club (weapon)
Armour
 b - a +0 robe
 k - a +0 cloak (worn)
 l - a +0 robe of the Archmagi (worn)
Wands
 h - a wand of roots (6)
Scrolls
 c - a scroll of teleportation
 e - 2 scrolls of blinking
 u - a scroll of amnesia
Potions
 d - a potion of flight
 f - a potion of magic {unknown}
 g - 3 potions of curing
 i - a potion of heal wounds
 j - a potion of attraction {unknown}
 m - a potion of berserk rage {unknown}
 n - 2 potions of lignification
 o - 2 potions of haste
 p - a potion of degeneration {unknown}
 q - a potion of cancellation {unknown}


   Skills:
 - Level 2.4 Fighting
 + Level 8.7 Maces & Flails
 + Level 6.7 Dodging
 - Level 2.6 Shields
 + Level 0.4 Spellcasting
 * Level 1.1 Summonings
 + Level 0.1 Evocations


You had 5 spell levels left.
You knew the following spells:

 Your Spells              Type           Power      Damage    Failure   Level
a - Call Canine Familiar  Summ           2%         N/A       63%         3

Your spell library contained the following spells:

 Spells                   Type           Power      Damage    Failure   Level
 Foxfire                  Conj/Fire      0%         2x1d4     38%         1
 Sandblast                Erth           0%         2d4       38%         1
 Passwall                 Tmut/Erth      0%         N/A       54%         2
 Conjure Flame            Conj/Fire      0%         6-21      77%         3
 Inner Flame              Hex/Fire       0%         N/A       77%         3
 Portal Projectile        Hex/Tloc       0%         N/A       77%         3
 Stone Arrow              Conj/Erth      0%         3d7       77%         3
 Flame Wave               Conj/Fire      0%         2d4       99%         4
 Leda's Liquefaction      Hex/Erth       0%         N/A       99%         4


Dungeon Overview and Level Annotations

Branches:
Dungeon (6/15)              Sewer (visited)
 Temple: D:4-7

Altars:
Dithmenos

Shops:
D:3 [   D:4 [


Innate Abilities, Weirdness & Mutations

You are too large for most types of armour.
You have claws for hands.
Your natural rate of healing is unusually fast.
You are covered in fur. (AC +1)
You have tough skin. (AC +1)


Message History

A two-headed ogre is nearby!
A two-headed ogre is nearby!
Okay, then.
Okay, then.
Casting: Call Canine Familiar (dangerous; 63% risk of failure)
Confirm with . or Enter, or press ? or * to list all spells.
Okay, then.
There is an open door here.
You hear a distant slurping noise.
Aiming: Fastroot
Press: ? - help, Shift-Dir - straight line The roots erupt in riotous growth!
Roots grab the two-headed ogre.
The grasping roots constrict the two-headed ogre.
The two-headed ogre struggles to escape constriction.
Unknown command.
The grasping roots constrict the two-headed ogre!
The roots release their grip on the two-headed ogre.
The two-headed ogre hits you with a +0 giant club!!
The two-headed ogre barely misses you.
You puncture the two-headed ogre!
The two-headed ogre is heavily wounded.
You hit the two-headed ogre but do no damage.
The two-headed ogre is heavily wounded.
The two-headed ogre completely misses you.
The two-headed ogre misses you.
You barely miss the two-headed ogre.
The two-headed ogre is heavily wounded.
The two-headed ogre barely misses you.
The two-headed ogre hits you with a +1 vorpal dire flail!
You closely miss the two-headed ogre.
The two-headed ogre is moderately wounded.
The two-headed ogre barely misses you.
The two-headed ogre hits you with a +1 vorpal dire flail!
You completely miss the two-headed ogre.
The two-headed ogre is moderately wounded.
The two-headed ogre hits you with a +0 giant club!!
* * * LOW HITPOINT WARNING * * *
The two-headed ogre hits you with a +1 vorpal dire flail!!
You die...

######### #.......#
##############################...
....#....O......#...........##..#
###.#.#########.#.#########.#...#
....#.....#.....#.....#.....#..##
#########.#.#########.#.#####...#
...O......#....O@.....#.....'.#..
###############################..
.# #...... .# #....#.. .#
...#.... ... .. #...# ###.
........ ....... ###....#


You could see a two-headed ogre.

Vanquished Creatures
  Pikel (D:4)
  Grinder (D:4)
  Sigmund (D:3)
  2 water moccasins
  2 ogres
  A centaur (D:4)
  A lemure (D:4)
  A phantom (D:6)
  A bullfrog (Sewer)
  A necrophage (D:5)
  A scorpion (D:5)
  2 howler monkeys (D:4)
  3 orc priests
  A hound (D:5)
  Crazy Yiuf (D:3)
  Ijyb (D:3)
  2 iguanas (D:4)
  2 orc wizards
  Robin (D:2)
  7 gnolls
  13 adders
  A river rat (D:6)
  3 worms
  3 dart slugs
  16 orcs
  4 bats
  4 endoplasms
  11 giant cockroaches
  11 goblins
  8 hobgoblins
  2 jackals (D:1)
  12 quokkas
  14 ball pythons
  7 frilled lizards
  10 kobolds
  5 rats
157 creatures vanquished.

Notes
Turn   | Place    | Note
-------+----------+-------------------------------------------
     0 | D:1      | zeram the Troll Fighter began the quest for the Orb.
     0 | D:1      | Reached XP level 1. HP: 22/22 MP: 0/0
   156 | D:1      | Reached skill level 2 in Maces & Flails
   156 | D:1      | Reached XP level 2. HP: 23/29 MP: 1/1
   252 | D:1      | Found a faded altar of an unknown god.
   303 | D:1      | Reached XP level 3. HP: 34/36 MP: 2/2
   906 | D:2      | Noticed Robin
   908 | D:2      | Reached XP level 4. HP: 44/44 MP: 3/3
   949 | D:2      | Killed Robin
   950 | D:2      | Reached skill level 3 in Maces & Flails
  1748 | D:2      | Reached XP level 5. HP: 49/50 MP: 4/4
  1774 | D:3      | Noticed Sigmund
  1826 | D:3      | Killed Sigmund
  1827 | D:3      | Reached skill level 4 in Maces & Flails
  1827 | D:3      | Reached XP level 6. HP: 40/59 MP: 5/5
  1968 | D:3      | Found Qofeal's Antique Armour Emporium.
  2086 | D:3      | Found a runed translucent door.
  2087 | D:3      | Noticed Crazy Yiuf
  2342 | D:3      | Noticed Ijyb
  2354 | D:3      | Killed Ijyb
  2536 | D:3      | Killed Crazy Yiuf
  2669 | D:4      | Reached skill level 5 in Maces & Flails
  2699 | D:4      | Noticed Grinder
  2717 | D:4      | Paralysed by Grinder for 3 turns
  2722 | D:4      | Killed Grinder
  2723 | D:4      | Reached XP level 7. HP: 13/66 MP: 6/6
  2828 | D:4      | Noticed Pikel
  2846 | D:4      | Killed Pikel
  2847 | D:4      | Reached skill level 7 in Maces & Flails
  2847 | D:4      | Reached skill level 5 in Dodging
  2847 | D:4      | Reached XP level 8. HP: 57/74 MP: 7/7
  3076 | D:4      | Found a shadowy altar of Dithmenos.
  3345 | D:4      | You fall into a shaft and drop 1 floor!
  3345 | D:5      | Entered Level 5 of the Dungeon
  3700 | D:5      | Found a shadowy altar of Dithmenos.
  3990 | D:4      | Found Boczeu's Antique Armour Emporium.
  3996 | D:4      | Reached skill level 8 in Maces & Flails
  4397 | D:5      | Learned a level 3 spell: Call Canine Familiar
  4942 | D:6      | Found a glowing drain.
  4951 | Sewer    | Entered a sewer
  5156 | Sewer    | Reached XP level 9. HP: 74/80 MP: 8/8
  5308 | D:6      | Reached skill level 1 in Summonings
  5590 | D:6      | Noticed a two-headed ogre
  5651 | D:6      | Slain by a two-headed ogre

Illustrated notes

Levels and vault maps discovered:
D:1:      scummos_arrival_simple_fountains, layout_loops_ring,
          dreamdust_ecumenical_altar_statues
D:2:      layout_basic, uniq_robin
D:3:      layout_loops_ring, serial_shops, shop, uniq_sigmund, uniq_ijyb,
          uniq_crazy_yiuf_cottage
D:4:      layout_basic, kennysheep_diamond, minmay_ruined_shrine, uniq_grinder,
          uniq_pikel
D:5:      layout_layer_cave, grunt_dithmenos_smoke
D:6:      layout_basic, nicolae_sif_muna_condensation, general_overflow_altar,
          minmay_temple_entry_junction_2, gammafunk_ghost_hive,
          gup_sewer_entry_bubbles, serial_shops, nicolae_shop_waterfront,
          roderic_serpentine_path, nrook_campfire, dk_vineyard_2, uniq_duvessa

Skill      XL: |  1  2  3  4  5  6  7  8  9 |
---------------+----------------------------+-----
Maces & Flails | 2 3 4 5 7 8 |  8.7
Dodging        | 3 4 5 6 |  6.7
Summonings     | 1 |  1.1
Fighting       | |  2.4
Shields        | |  2.6
Spellcasting   | |  0.4
Evocations     | |  0.1

Action                   |  1- 3 |  4- 6 |  7- 9 || total
-------------------------+-------+-------+-------++-------
Melee: Flail             |   114 |   224 |    91 ||   429
       Giant club        |       |       |   227 ||   227
       Giant spiked club |       |       |    17 ||    17
Evoke: Wand              |       |     1 |     1 ||     2
  Use: Scroll            |     3 |     4 |    10 ||    17
       Potion            |       |     1 |     3 ||     4
 Stab: Sleeping          |     1 |       |       ||     1
Armor: Robe              |    54 |    70 |   128 ||   252
Dodge: Dodged            |    45 |    81 |   215 ||   341
Block: Kite shield       |    51 |    68 |    38 ||   157
